Map: King Sejong Station LE

Players

AaGaM

  • Race: Protoss Protoss
  • League: Diamond

ELGOLDEN - Winner!

  • Race: Protoss Protoss
  • League: Silver

VOD

https://www.youtube.com/channel/UCcSgNfDNxvyisU-eCj9xyNg/playlists

Description

Time

  • Played on: Aug. 14, 2016, 12:15 p.m.
  • Length: 6:00
Show
View Real Time Build Order
Export as new Build Order

AaGaM Protoss 

Build Orders: Blink Stalkers 

Get SALT Encoding   

  12  0:01  Probe (Chrono Boost)  
  13  0:12  Probe (Chrono Boost)  
  14  0:19  Pylon  
  14  0:22  Probe (Chrono Boost)  
  15  0:38  Gateway  
  15  0:39  Probe (Chrono Boost)  
  16  0:45  Assimilator  
  16  0:50  Probe (Chrono Boost)  
  17  1:00  Probe (Chrono Boost)  
  18  1:11  Probe (Chrono Boost)  
  19  1:13  Assimilator  
  19  1:21  Probe (Chrono Boost)  
  20  1:29  Cybernetics Core  
  20  1:32  Probe (Chrono Boost)  
  21  1:40  Pylon  
  21  1:42  Probe (Chrono Boost)  
  22  1:53  Probe (Chrono Boost)  
  23  2:02  Warp Gate  
  23  2:04  Probe (Chrono Boost)  
  23  2:07  Twilight Council  
  24  2:13  Gateway  
  24  2:14  Probe (Chrono Boost)  
  25  2:17  Stalker  
  27  2:28  Blink  
  27  2:33  Pylon  
  27  2:36  Gateway  
  27  2:52  Stalker  
  31  3:01  Mothership Core (Chrono Boost)  
  31  3:04  Pylon  
  31  3:10  Stalker  
  33  3:23  Stalker  
  35  3:32  Stalker  
  35  3:43  Gateway  
  35  4:09  Stalker x2  
  39  4:12  Stalker  
  41  4:17  Pylon  
  41  4:32  Stalker  
  41  4:33  Stalker  
  41  4:37  Stalker  
  47  4:39  Stalker  
  49  4:53  Pylon  
  45  5:01  Stalker x2  
  39  5:18  Stalker x2  
  43  5:25  Stalker x2  
  45  5:42  Stalker  
  39  5:43  Stalker  
Show
View Real Time Build Order
Export as new Build Order

ELGOLDEN Protoss - Winner!

Build Orders:  

Get SALT Encoding   

  12  0:01  Probe (Chrono Boost)  
  13  0:11  Probe (Chrono Boost)  
  14  0:21  Pylon  
  14  0:22  Probe (Chrono Boost)  
  15  0:32  Assimilator  
  15  0:39  Probe (Chrono Boost)  
  16  0:45  Gateway  
  16  0:49  Probe (Chrono Boost)  
  17  0:56  Assimilator  
  17  1:00  Probe (Chrono Boost)  
  18  1:10  Probe (Chrono Boost)  
  19  1:21  Probe (Chrono Boost)  
  20  1:32  Probe (Chrono Boost), Cybernetics Core  
  21  1:38  Pylon  
  21  1:42  Probe (Chrono Boost)  
  22  1:53  Probe (Chrono Boost)  
  23  2:05  Probe (Chrono Boost)  
  23  2:07  Warp Gate  
  24  2:11  Nexus  
  26  2:16  Mothership Core (Chrono Boost)  
  26  2:17  Stalker  
  28  2:34  Probe (Chrono Boost), Gateway  
  29  2:44  Probe (Chrono Boost)  
  30  2:56  Probe (Chrono Boost), Pylon  
  31  3:03  Gateway  
  31  3:05  Pylon  
  31  3:17  Pylon, Stalker  
  33  3:27  Pylon  
  33  3:40  Pylon  
  33  3:48  Robotics Facility  
  33  4:01  Probe x2 (Chrono Boost)  
  35  4:12  Sentry  
  35  4:13  Probe x2 (Chrono Boost), Sentry  
  35  4:14  Stalker  
  43  4:20  Pylon  
  43  4:24  Pylon  
  43  4:26  Pylon  
  43  4:36  Observer  
  44  4:40  Stalker x2  
  44  4:41  Stalker  
  44  4:44  Probe (Chrono Boost)  
  44  4:45  Probe (Chrono Boost)  
  51  5:04  Stalker x3  
  53  5:20  Immortal  
  53  5:24  Adept  
  53  5:25  Mothership Core (Chrono Boost), Adept  
  59  5:28  Stalker  
  57  5:44  Stalker  
  57  5:46  Stalker  
  57  5:49  Probe x2 (Chrono Boost), Assimilator  
  63  5:52  Pylon  
  63  5:54  Stalker  
Tags
 
Add a new tag
Caveats
  • Supply blocks, unpowered buildings, or Contaminate may cause inaccurate times.
  • Supply counts are checked every 10 seconds.